 Dungeon Crawl Stone Soup version 0.20.0-8-g6b59dc7 (webtiles) character file.

824 cereshysteria the Purveyor of Pain (level 7, -4/50 HPs)
             Began as a Hill Orc Necromancer on June 1, 2017.
             Was an Initiate of Kikubaaqudgha.
             Slain by a bullfrog (5 damage)
             ... on level 6 of the Dungeon.
             The game lasted 00:21:24 (4914 turns).

cereshysteria the Purveyor of Pain (HONe)           Turns: 4914, Time: 00:21:24

Health: -4/50      AC:  4    Str: 11    XL:     7   Next: 96%
Magic:  1/9        EV: 13    Int: 19    God:    Kikubaaqudgha [......]
Gold:   251        SH:  0    Dex: 11    Spells: 0/9 levels left

rFire    . . .     SeeInvis .   o - staff of wizardry
rCold    . . .     Gourm    .   (no shield)
rNeg     . . .     Faith    .   a - +1 robe
rPois    .         Spirit   .   (no helmet)
rElec    .         Reflect  .   (no cloak)
rCorr    .         Harm     .   (no gloves)
MR       .....                  (no boots)
Stlth    ++........             n - amulet of magic regeneration
Regen    0.2/turn               h - +4 ring of slaying
MPRegen  0.2/turn               p - +2 ring of intelligence

@: no status effects
A: sense surroundings 1, shaggy fur 1, subdued magic 2
a: Renounce Religion


You were on level 6 of the Dungeon.
You worshipped Kikubaaqudgha.
Kikubaaqudgha was noncommittal.
You were hungry.

You visited 2 branches of the dungeon, and saw 7 of its levels.

You collected 251 gold pieces.

Inventory:

Missiles
 c - 40 poisoned needles
 i - 15 bolts (quivered)
Armour
 a - a +1 robe (worn)
Magical Staves
 o - an uncursed staff of wizardry (weapon)
Jewellery
 h - a +4 ring of slaying (left hand)
 j - an uncursed ring of see invisible
 n - an amulet of magic regeneration (around neck)
 p - a +2 ring of intelligence (right hand)
Scrolls
 d - 6 scrolls of identify
Potions
 e - 2 potions of brilliance
Books
 b - a book of Necromancy

   Spells                             Type                      Level
   a - Pain                           Necromancy                   1
   b - Animate Skeleton               Necromancy                   1
   c - Vampiric Draining              Necromancy                   3
   d - Regeneration                   Charms/Necromancy            3
   e - Animate Dead                   Necromancy                   4
   f - Control Undead                 Necromancy                   4
Comestibles
 f - 3 fruits
 g - a meat ration
 k - a royal jelly
 q - a bread ration


   Skills:
 + Level 3.0 Staves
 + Level 3.3 Dodging
 + Level 3.8 Stealth
 - Level 0.4 Unarmed Combat
 - Level 1.5 Spellcasting
 * Level 6.9 Necromancy


You couldn't memorise any spells.
You knew the following spells:

 Your Spells              Type           Power        Failure   Level  Hunger
a - Pain                  Necr           ###.         1%          1    ##.....
b - Animate Skeleton      Necr           N/A          1%          1    ##.....
c - Animate Dead          Necr           N/A          2%          4    #####..
d - Vampiric Draining     Necr           ###.......   1%          3    ####...


Dungeon Overview and Level Annotations

Branches:
Dungeon (6/15)             Temple (1/1) D:4

Altars:
Ashenzari
Cheibriados
Dithmenos
Elyvilon
Fedhas
Gozag
Kikubaaqudgha
Makhleb
Nemelex Xobeh
Okawaru
Qazlal
Ru
Sif Muna
Trog
Uskayaw
Vehumet
Xom
Zin
The Shining One

Annotations:
D:2 1 exclusion
D:5 Dowan, Duvessa, Eustachio


Innate Abilities, Weirdness & Mutations

You passively map a small area around you.
You are covered in fur. (AC +1)
Your spells are easier to cast, but less powerful.


Message History

Press: ? - help, Shift-Dir - straight line, f/p - bullfrog
Aim: a bullfrog (heavily wounded, chance to defeat MR: 76%)
The bullfrog writhes in agony!
The bullfrog hits you but does no damage.
The bullfrog completely misses you.
Casting: Pain
Confirm with . or Enter, or press ? or * to list all spells.
Aiming: Pain
Press: ? - help, Shift-Dir - straight line, f/p - bullfrog
Aim: a bullfrog (heavily wounded, chance to defeat MR: 76%)
The bullfrog writhes in agony!
The bullfrog hits you!
* * * LOW HITPOINT WARNING * * *
Casting: Pain
Confirm with . or Enter, or press ? or * to list all spells.
Aiming: Pain
Press: ? - help, Shift-Dir - straight line, f/p - bullfrog
Aim: a bullfrog (severely wounded, chance to defeat MR: 76%)
The bullfrog writhes in agony!
The bullfrog hits you.
You die...
Kikubaaqudgha rasps: "You have failed me!
Welcome... death!"

##...# ## , ##....# .###.
##.....# .##.. ##.....##
###.###. * #......#
##.#..##. ##......#
##.....##. , * #......##
##......##. ,, *###.....)#
##.......### ,
.........@F####.........##
,
#####....††.............##
, , ##...#............>...
#.>.##............### *
##.................##
##.####.....####..# , #.#,
##...## ,#..# , #. , ##†##
#...# ,#.# , #...#


You could see a bullfrog.

Vanquished Creatures
  A sky beast (D:5)
  An ogre (D:4)
  A phantom (D:6)
  A black bear (D:6)
  A scorpion (D:5)
  A howler monkey (D:6)
  2 hounds
  A jelly (D:5)
  An iguana (D:5)
  Natasha (twice) (D:2)
  A worker ant (D:5)
  Terence (D:2)
  6 adders
  An ooze (D:2)
  An adder zombie (D:6)
  5 worms
  4 dart slugs
  4 leopard geckos
  6 orcs
  5 giant cockroaches
  4 goblins (D:2)
  3 hobgoblins
  2 jackals (D:6)
  10 kobolds
  5 bats
  3 frilled lizards
  A jackal skeleton (D:5)
  A jackal zombie (D:5)
  5 rats
80 creatures vanquished.

Vanquished Creatures (collateral kills)
  A wight (D:5)
  A hobgoblin (D:3)
  2 frilled lizards
4 creatures vanquished.

Grand Total: 84 creatures vanquished

Notes
Turn   | Place    | Note
-------+----------+-------------------------------------------
     0 | D:1      | cereshysteria the Hill Orc Necromancer began the quest for the Orb.
     0 | D:1      | Reached XP level 1. HP: 14/14 MP: 3/3
    71 | D:1      | Reached XP level 2. HP: 15/20 MP: 1/4
   675 | D:2      | Reached XP level 3. HP: 24/26 MP: 1/5
   706 | D:2      | Found a shattered altar of Ashenzari.
   706 | D:2      | Noticed Natasha
   819 | D:2      | Learned a level 1 spell: Animate Skeleton
   928 | D:2      | Reached skill level 5 in Necromancy
  1038 | D:2      | Found a snail-covered altar of Cheibriados.
  1039 | D:2      | Found a sacrificial altar of Ru.
  1155 | D:2      | Killed Natasha
  1155 | D:2      | Reached XP level 4. HP: 31/33 MP: 2/6
  1218 | D:2      | Noticed Terence
  1227 | D:2      | Killed Terence
  1228 | D:2      | Reached skill level 1 in Staves
  1303 | D:2      | Noticed Natasha
  1313 | D:2      | Killed Natasha
  1313 | D:2      | Reached XP level 5. HP: 4/38 MP: 0/7
  1442 | D:2      | You fall through a shaft!
  2399 | D:4      | Found a staircase to the Ecumenical Temple.
  2417 | Temple   | Entered the Ecumenical Temple
  2620 | Temple   | Became a worshipper of Kikubaaqudgha
  2712 | D:4      | Noticed an ogre
  2737 | D:4      | Killed an ogre
  2737 | D:4      | Reached XP level 6. HP: 34/45 MP: 0/8
  3006 | D:4      | Reached skill level 6 in Necromancy
  3190 | D:4      | Found a glowing golden altar of the Shining One.
  3571 | D:5      | Entered Level 5 of the Dungeon
  3916 | D:5      | Noticed a sky beast
  3947 | D:5      | Killed a sky beast
  3947 | D:5      | Reached XP level 7. HP: 24/50 MP: 3/9
  3951 | D:5      | Gained mutation: Your magical capacity is low. (-10% MP) [mutagenic meat]
  3952 | D:5      | Lost mutation: Your magical capacity is low. (-10% MP) [mutagenic meat]
  3953 | D:5      | Gained mutation: You passively map a small area around you. [mutagenic meat]
  3954 | D:5      | Gained mutation: Your spells are a little easier to cast, but a little less powerful. [mutagenic meat]
  3955 | D:5      | Gained mutation: Your spells are easier to cast, but less powerful. [mutagenic meat]
  3956 | D:5      | Gained mutation: You are covered in fur. (AC +1) [mutagenic meat]
  4245 | D:5      | Noticed Duvessa
  4246 | D:5      | Noticed Dowan
  4266 | D:5      | Noticed Eustachio
  4757 | D:6      | Learned a level 4 spell: Animate Dead
  4761 | D:6      | Learned a level 3 spell: Vampiric Draining
  4913 | D:6      | HP: 2/50 [bullfrog (8)]
  4914 | D:6      | Slain by a bullfrog

Skill      XL: |  1  2  3  4  5  6  7 |
---------------+----------------------+-----
Necromancy     | 5 6 |  6.9
Stealth        | 2 3 |  3.8
Staves         | 1 2 3 |  3.0
Dodging        | 2 3 |  3.3
Unarmed Combat | |  0.4
Spellcasting   | |  1.5

Action                   |  1- 3 |  4- 6 |  7- 9 || total
-------------------------+-------+-------+-------++-------
Melee: Unarmed           |    20 |       |       ||    20
       Staff             |       |    22 |    42 ||    64
 Cast: Pain              |    46 |    99 |    49 ||   194
       Animate Skeleton  |     4 |     8 |     2 ||    14
  Use: Potion            |       |     4 |     3 ||     7
       Scroll            |       |     7 |     2 ||     9
  Eat: Chunk             |     2 |     4 |     6 ||    12
       Bread ration      |       |     1 |       ||     1
       Meat ration       |       |     1 |       ||     1
       Fruit             |       |     1 |       ||     1
Armor: Robe              |     3 |     6 |    20 ||    29
       Skin              |       |     3 |    63 ||    66
Dodge: Dodged            |    25 |    33 |    42 ||   100
